 Dungeon Crawl Stone Soup version 0.21-a0-442-g848f44b (webtiles) character file.

9021 n0claF the Fighter (level 11, -18/153 HPs)
             Began as a Minotaur Berserker on Nov 13, 2017.
             Was a High Priest of Trog.
             Demolished by an orc knight
             ... wielding a +0 war axe
              (27 damage)
             ... on level 1 of the Orcish Mines.
             The game lasted 00:31:20 (8522 turns).

n0claF the Fighter (Minotaur Berserker)             Turns: 8522, Time: 00:31:21

Health: -18/153    AC: 14    Str: 28    XL:     11   Next: 17%
Magic:  10/10      EV:  9    Int:  2    God:    Trog [*****.]
Gold:   573        SH:  8    Dex: 12    Spells: 10/10 levels left

rFire    + . .     SeeInvis .   L - +2 broad axe (flame)
rCold    . . .     Gourm    .   G - +0 shield
rNeg     . . .     Faith    .   v - +0 plate armour
rPois    .         Spirit   .   (helmet restricted)
rElec    .         Reflect  .   (no cloak)
rCorr    .         Harm     .   (no gloves)
MR       ++...     Clarity  +   (no boots)
Stlth    ..........             (no amulet)
HPRegen  1.35/turn              c - ring of protection from fire
MPRegen  0.12/turn              (no ring)

@: berserking (expiring), regenerating, very quick
A: retaliatory headbutt, horns 2, clarity, dopey 1, mutation resistance 1
a: Berserk, Trog's Hand, Brothers in Arms, Burn Spellbooks, Renounce Religion


You were on level 1 of the Orcish Mines.
You worshipped Trog.
Trog was extremely pleased with you.
You were near starving.

You visited 2 branches of the dungeon, and saw 10 of its levels.

You collected 769 gold pieces.
You spent 196 gold pieces at shops.

Inventory:

Hand Weapons
 o - a +0 flail of draining
 D - a +1 quarterstaff of protection
 L - a +2 broad axe of flaming (weapon)
Armour
 b - a +0 animal skin
 e - a +0 ring mail
 v - a +0 plate armour (worn)
 G - a +0 shield (worn)
Jewellery
 c - a ring of protection from fire (left hand)
Wands
 q - a wand of flame (10/48)
 z - a wand of flame (17/48)
 A - a wand of paralysis (8/24)
 H - a wand of flame (19/48)
Scrolls
 a - 4 scrolls of identify
 f - 4 scrolls of remove curse
 h - a scroll of fog {unknown}
 i - 2 scrolls of fear
 j - 2 scrolls of noise {unknown}
 l - 2 scrolls of teleportation
 s - a scroll of magic mapping {unknown}
 y - a scroll of holy word {unknown}
 C - 3 scrolls of enchant weapon {unknown}
 F - a scroll of blinking {unknown}
Potions
 d - 2 potions of might
 k - 2 potions of lignification
 m - 2 potions of heal wounds {unknown}
 n - 8 potions of degeneration
 p - 6 potions of curing
 r - a potion of berserk rage {unknown}
 t - 3 potions of invisibility
 u - a potion of flight {unknown}
 B - 3 potions of brilliance {unknown}
 I - a potion of mutation {unknown}
 J - a potion of haste {unknown}
Comestibles
 g - 3 royal jellies
 w - a chunk of flesh
 x - 8 fruits
 E - 2 bread rations
 K - 2 meat rations


   Skills:
 + Level 11.1 Fighting
   Level 3.2 Long Blades
 + Level 1.8(4.2) Axes
 - Level 5.9(8.1) Maces & Flails
 - Level 8.2(9.1) Staves
 + Level 10.6 Armour
 + Level 9.9 Dodging


You had 10 spell levels left.
You didn't know any spells.

Dungeon Overview and Level Annotations

Branches:
Dungeon (9/15)             Temple (0/1) D:4            Lair (0/6) D:8
    Orc (1/2) D:9

Altars:
Ashenzari
Cheibriados
Elyvilon
Fedhas
Nemelex Xobeh
Okawaru
Ru
Trog
Vehumet
Zin
The Shining One

Shops:
D:4 *   D:6 **(=   Orc:1 }


Innate Abilities, Weirdness & Mutations

You reflexively headbutt those who attack you in melee.
You have a pair of horns on your head.
You possess an exceptional clarity of mind.
You are dopey. (Int -2)
You are somewhat resistant to further mutation.


Message History

You closely miss the orc knight.
The orc knight is moderately wounded.
The orc knight completely misses you. You furiously retaliate!
You headbutt the orc knight! You closely miss the orc knight.
The orc knight is severely wounded.
You slice the orc!! You burn the orc.
You kill the orc!
Trog accepts your kill.
The orc warrior hits you from afar with a halberd!
* * * LOW HITPOINT WARNING * * *
The orc knight hits you with a war axe.
* * * LOW HITPOINT WARNING * * *
The orc knight roars a battlecry!
The orc knight goes into a battle-frenzy!
You closely miss the orc knight. You headbutt the orc knight!
The orc knight is almost dead.
You block the orc warrior's attack.
The orc knight hits you with a war axe!!
You die...

### ####.## ##.#...#
#...)@## #....o# .
####.#o##
#....###.#..o#.##
......#.........#
#....#.........##
#............## ###
##.............###.###
#.......##..#........##


You could see 2 orc knights and an orc warrior.

Vanquished Creatures
  The ghost of Nico3ck the Carver, a novice MiBe of Trog (D:8)
  3 two-headed ogres
  A hippogriff (D:9)
  A wyvern (D:9)
  5 yaks (D:8)
  A basilisk (D:8)
  3 porcupines (D:8)
  6 orc warriors
  3 sky beasts
  A swamp drake (D:9)
  A phantom (D:5)
  2 necrophages (D:7)
  4 ogres
  A centaur (D:6)
  2 crocodiles (D:8)
  2 big kobolds
  5 bullfrogs
  3 scorpions
  A water moccasin skeleton (D:6)
  A wyvern skeleton (D:8)
  6 wights
  A howler monkey (D:5)
  2 centaur zombies
  3 crimson imps
  7 orc priests
  2 quasits
  5 hounds
  A jelly (D:4)
  2 centaur skeletons
  3 iguanas
  16 orc wizards
  6 worker ants
  A hound skeleton (D:4)
  11 gnolls
  7 adders
  A shadow imp (D:7)
  2 oozes
  An adder skeleton (D:6)
  An adder zombie (D:9)
  A worm (D:3)
  2 dart slugs (D:1)
  5 leopard geckos
  50 orcs
  4 bats (D:1)
  2 giant cockroaches
  9 goblins
  9 hobgoblins
  16 jackals
  17 kobolds
  7 quokkas
  A ball python (D:1)
  6 frilled lizards
  A jackal zombie (D:5)
  A leopard gecko zombie (D:6)
  3 quokka skeletons
  10 rats
269 creatures vanquished.

Vanquished Creatures (collateral kills)
  Urug (Orc:1)
  A troll (Orc:1)
  2 orc warriors (Orc:1)
  2 orc priests (Orc:1)
  2 orc wizards
  4 orcs
12 creatures vanquished.

Vanquished Creatures (others)
  A fungus (D:8)
  5 plants (D:8)
6 creatures vanquished.

Grand Total: 287 creatures vanquished

Notes
Turn   | Place    | Note
-------+----------+-------------------------------------------
     0 | D:1      | n0claF the Minotaur Berserker began the quest for the Orb.
     0 | D:1      | Reached XP level 1. HP: 19/19 MP: 0/0
    94 | D:1      | Reached XP level 2. HP: 26/27 MP: 1/1
   200 | D:1      | Reached skill level 4 in Fighting
   308 | D:1      | Reached ** piety under Trog
   308 | D:1      | Reached XP level 3. HP: 33/33 MP: 2/2
   963 | D:2      | Reached XP level 4. HP: 27/41 MP: 3/3
  1364 | D:3      | Found a shattered altar of Ashenzari.
  1395 | D:3      | Found a snail-covered altar of Cheibriados.
  1910 | D:4      | Reached *** piety under Trog
  1910 | D:4      | Reached XP level 5. HP: 28/47 MP: 4/4
  2040 | D:4      | Found a staircase to the Ecumenical Temple.
  2074 | D:4      | Reached skill level 5 in Fighting
  2654 | D:4      | Reached XP level 6. HP: 56/56 MP: 5/5
  2880 | D:4      | Found Noimm's Assorted Antiques.
  3128 | D:5      | Entered Level 5 of the Dungeon
  3190 | D:5      | Reached skill level 1 in Long Blades
  3295 | D:5      | Reached skill level 6 in Fighting
  3295 | D:5      | Reached skill level 5 in Armour
  3295 | D:5      | Reached XP level 7. HP: 45/63 MP: 6/6
  3433 | D:5      | Reached skill level 5 in Dodging
  3635 | D:5      | Reached skill level 5 in Maces & Flails
  3808 | D:5      | Reached **** piety under Trog
  4884 | D:6      | Reached XP level 8. HP: 71/71 MP: 7/7
  4887 | D:6      | Gained mutation: You possess an exceptional clarity of mind. [mutagenic meat]
  4980 | D:6      | Found a glowing golden altar of the Shining One.
  4980 | D:6      | Found a white marble altar of Elyvilon.
  4981 | D:6      | Found a glowing silver altar of Zin.
  5068 | D:6      | Reached skill level 7 in Fighting
  5206 | D:6      | Found Kutzood's Assorted Antiques.
  5212 | D:6      | Found Xawnut's Antique Weapon Boutique.
  5227 | D:6      | Bought a runed quarterstaff for 196 gold pieces
  5369 | D:6      | Found Zupt's General Store.
  5425 | D:6      | Found Vehotefefi's Jewellery Boutique.
  5526 | D:7      | Reached skill level 1 in Staves
  5878 | D:7      | Found a blossoming altar of Fedhas.
  6001 | D:7      | Found a faded altar of an unknown god.
  6001 | D:7      | Found a faded altar of an unknown god.
  6007 | D:7      | Found a sacrificial altar of Ru.
  6009 | D:7      | Found a sparkling altar of Nemelex Xobeh.
  6010 | D:7      | Found a bloodstained altar of Trog.
  6194 | D:8      | Noticed Nico3ck's ghost (novice MiBe)
  6203 | D:8      | Killed Nico3ck's ghost
  6203 | D:8      | Reached skill level 8 in Fighting
  6203 | D:8      | Reached XP level 9. HP: 82/82 MP: 8/8
  6272 | D:8      | Reached skill level 9 in Fighting
  6277 | D:8      | Reached skill level 5 in Staves
  6298 | D:8      | Reached XP level 10. HP: 76/91 MP: 9/9
  6306 | D:8      | Found a staircase to the Lair.
  6576 | D:8      | Noticed a two-headed ogre
  6587 | D:8      | Killed a two-headed ogre
  6845 | D:8      | Reached ***** piety under Trog
  6906 | D:8      | Received a gift from Trog
  6912 | D:8      | Reached skill level 10 in Fighting
  7228 | D:9      | Found an iron altar of Okawaru.
  7273 | D:9      | Noticed a two-headed ogre
  7285 | D:9      | Killed a two-headed ogre
  7484 | D:9      | Found a radiant altar of Vehumet.
  7604 | D:9      | Reached skill level 10 in Armour
  7607 | D:9      | Gained mutation: You are dopey. (Int -2) [mutagenic meat]
  7608 | D:9      | Gained mutation: You are somewhat resistant to further mutation. [mutagenic meat]
  7738 | D:9      | Found a staircase to the Orcish Mines.
  8016 | Orc:1    | Entered Level 1 of the Orcish Mines
  8031 | Orc:1    | Noticed Urug
  8044 | Orc:1    | Killed Urug
  8044 | Orc:1    | Reached XP level 11. HP: 101/101 MP: 10/10
  8210 | Orc:1    | Noticed a two-headed ogre
  8218 | Orc:1    | Killed a two-headed ogre
  8218 | Orc:1    | Reached skill level 11 in Fighting
  8218 | Orc:1    | Reached skill level 1 in Axes
  8449 | Orc:1    | Found Lukoix's Quality Used Wands.
  8484 | Orc:1    | Noticed an orc knight
  8491 | Orc:1    | HP: 1/102 [orc warrior/glaive (18)]
  8493 | Orc:1    | Noticed an orc knight
  8522 | Orc:1    | Demolished by an orc knight

Vault maps used:
D:1:      dpeg_arrival_short_road
D:2:      minmay_misc_feat_tower
D:3:      ashenzari_conservatory_becter, cheibriados_altar_1,
          kennysheep_generic_room_13
D:4:      minmay_temple_entry_butterflies, serial_shops, shop, first_bread,
          minivault_27
D:6:      good_gods_temple_1, serial_shops, nicolae_shop_stone,
          nicolae_shop_temple_entry_statues_fountains, shop_fountains,
          nicolae_shop_crystal
D:7:      nicolae_overflow_crystal_walls, chequers_temple_overflow_minitemple
D:8:      minmay_lair_entry_grove, grunt_ministairs_3
D:9:      overflow_temple_1_default, erik_orc_1, vehumet_altar_wand_db
Orc:1:    nicolae_for_you_no_charge, uniq_urug

Skill      XL: |  1  2  3  4  5  6  7  8  9 10 11 |
---------------+----------------------------------+-----
Maces & Flails | 4 5 |  5.9
Fighting       | 4 5 6 8 9 10 11 | 11.1
Armour         | 3 4 5 6 7 8 10 | 10.6
Dodging        | 3 4 5 7 8 9 |  9.9
Long Blades    | 2 3 |  3.2
Staves         | 4 5 8 |  8.2
Axes           | 1 |  1.8

Action                   |  1- 3 |  4- 6 |  7- 9 | 10-12 || total
-------------------------+-------+-------+-------+-------++-------
Melee: Mace              |    44 |       |       |       ||    44
       Headbutt          |     8 |    20 |    54 |    48 ||   130
       Long sword        |    14 |   107 |       |       ||   121
       Flail             |       |     9 |    71 |       ||    80
       Falchion          |       |    43 |    47 |       ||    90
       Quarterstaff      |       |       |   112 |   196 ||   308
       Broad axe         |       |       |       |    29 ||    29
Invok: Berserk           |     2 |     2 |     7 |     5 ||    16
       Trog's Hand       |       |       |     2 |     4 ||     6
       Burn Spellbooks   |       |       |     1 |     2 ||     3
       Brothers in Arms  |       |       |     1 |     1 ||     2
  Use: Scroll            |       |    10 |       |     1 ||    11
 Stab: Confused          |       |       |       |     3 ||     3
  Eat: Chunk             |     2 |     3 |    15 |    16 ||    36
       Bread ration      |       |     2 |       |       ||     2
Armor: Animal skin       |     9 |       |       |       ||     9
       Ring mail         |     8 |     5 |       |       ||    13
       Plate armour      |       |   103 |   170 |    94 ||   367
Dodge: Dodged            |    39 |    64 |   119 |   118 ||   340
Block: Shield            |       |       |       |    17 ||    17
       Rpst.: Long sword |     1 |    13 |       |       ||    14
       Falchion          |       |     6 |     7 |       ||    13

Table legend:
 A = Spawn XP
 B = Non-spawn XP
 C = Spawn XP percentage of total XP
 D = Spawn monster count
 E = Non-spawn monster count
 F = Spawn count percentage of total count
 G = Total turns spent on level
                    A         B        C        D         E        F      G
               +---------+---------+-------+---------+---------+-------+---------
         Total |       0 |   12888 |   0.0 |       0 |     281 |   0.0 |  8522
               +---------+---------+-------+---------+---------+-------+---------
           D:1 |       0 |      51 |   0.0 |       0 |      27 |   0.0 |   498
           D:2 |       0 |      59 |   0.0 |       0 |       9 |   0.0 |   748
           D:3 |       0 |      49 |   0.0 |       0 |      24 |   0.0 |   618
           D:4 |       0 |     311 |   0.0 |       0 |      19 |   0.0 |  1264
           D:5 |       0 |     918 |   0.0 |       0 |      42 |   0.0 |  1712
           D:6 |       0 |     580 |   0.0 |       0 |      22 |   0.0 |   678
           D:7 |       0 |     666 |   0.0 |       0 |      22 |   0.0 |   664
           D:8 |       0 |    4773 |   0.0 |       0 |      41 |   0.0 |  1017
           D:9 |       0 |    2850 |   0.0 |       0 |      42 |   0.0 |   817
         Orc:1 |       0 |    2631 |   0.0 |       0 |      33 |   0.0 |   506
               +---------+---------+-------+---------+---------+-------+---------
